 Dungeon Crawl Stone Soup version 0.25-a0-10-g2fe12d4386 (webtiles) character file.

Game seed: 1752870644606184745, levelgen mode: deterministic

59 Mattoad the Cudgeler (level 3, -9/49 HPs)
             Began as a Minotaur Berserker on Oct 15, 2019.
             Was a Believer of Trog.
             Splashed by a jelly's acid (10 damage)
             ... on level 2 of the Dungeon.
             The game lasted 00:03:41 (1162 turns).

Mattoad the Cudgeler (Minotaur Berserker)           Turns: 1162, Time: 00:03:43

Health: -9/49      AC: -4    Str: 27    XL:     3   Next: 78%
Magic:  2/2        EV: 12    Int:  4    God:    Trog [**....]
Gold:   127        SH:  0    Dex:  9    Spells: 2/2 levels left

rFire    . . .     SeeInvis .   a - +0 mace
rCold    . . .     Gourm    .   (no shield)
rNeg     . . .     Faith    .   b - +0 animal skin
rPois    .         Spirit   .   (helmet restricted)
rElec    .         Reflect  .   h - +0 cloak
rCorr    .         Harm     .   (no gloves)
MR       .....                  (no boots)
Stlth    ..........             (no amulet)
HPRegen  0.16/turn              (no ring)
MPRegen  0.08/turn              (no ring)

@: berserking, corroded, very quick
A: retaliatory headbutt, horns 2
a: Berserk, Trog's Hand, Renounce Religion


You were on level 2 of the Dungeon.
You worshipped Trog.
Trog was pleased with you.
You were hungry.

You visited 1 branch of the dungeon, and saw 2 of its levels.

You collected 127 gold pieces.

Inventory:

Hand Weapons
 a - a +0 mace (weapon)
Armour
 b - a +0 animal skin (worn)
 h - a +0 cloak (worn)
 p - a scarf of resistance
Scrolls
 d - a scroll of remove curse {unknown}
 e - a scroll of immolation {unknown}
 g - a scroll of teleportation {unknown}
 i - a scroll of magic mapping {unknown}
 l - 2 scrolls of enchant weapon {unknown}
 o - a scroll of identify {unknown}
 r - a scroll of enchant armour {unknown}
Potions
 j - a potion of heal wounds {unknown}
 k - a potion of brilliance {unknown}
 m - a potion of degeneration {unknown}
 n - a potion of resistance {unknown}
 q - a potion of flight {unknown}
Comestibles
 c - 3 rations
 f - 3 chunks of flesh


   Skills:
 - Level 3.9 Fighting
 + Level 5.4 Maces & Flails
 - Level 2.5 Armour
 - Level 2.3 Dodging
 + Level 0.1 Stealth


You had 2 spell levels left.
You didn't know any spells.
Your spell library was empty.

Dungeon Overview and Level Annotations

Branches:
Dungeon (2/15)

Altars:
Qazlal
The Shining One


Innate Abilities, Weirdness & Mutations

You reflexively headbutt those who attack you in melee.
You have a pair of horns on your head.


Message History

A red film seems to cover your vision as you go berserk!
You feel yourself moving faster!
You feel mighty!
You are feeling hungry.
The frilled lizard closely misses you. You furiously retaliate!
You headbutt the frilled lizard.
You feel the power of Trog in you as your rage grows.
You kill the frilled lizard!
Trog accepts your kill. The jelly hits you.
* * * LOW HITPOINT WARNING * * *
The acid corrodes you!
You are splashed with acid!
* * * LOW HITPOINT WARNING * * *
You thump the jelly!
Your hands burn!
* * * LOW HITPOINT WARNING * * *
You headbutt the jelly, but do no damage.
The jelly is almost dead.
The jelly hits you.
* * * LOW HITPOINT WARNING * * *
You are splashed with acid!
You die...

E#...#E# ##...####
........## ..._.....#
.........#
##...###.### #####
E#...#E#...## #....#
##...######.#####J..#
######.#.......@†#
#.#.#.#####...#
##...## #### ##.##
##.## ######.#.######
###.....###.....##
.......#.#.###...#
.#...#.##.##.#####


You could see a jelly.

Vanquished Creatures
  A hound skeleton (D:2)
  An adder (D:2)
  A worm (D:2)
  2 leopard geckos (D:2)
  An orc (D:2)
  2 giant cockroaches (D:1)
  3 goblins
  3 hobgoblins
  A quokka (D:2)
  3 bats
  3 frilled lizards
  4 kobolds
  9 rats
34 creatures vanquished.

Notes
Turn   | Place    | Note
-------+----------+-------------------------------------------
     0 | D:1      | Mattoad the Minotaur Berserker began the quest for the Orb.
     0 | D:1      | Reached XP level 1. HP: 19/19 MP: 0/0
   186 | D:1      | Reached XP level 2. HP: 16/27 MP: 1/1
   189 | D:1      | Reached skill level 4 in Maces & Flails
   488 | D:2      | Noticed an air elemental
   489 | D:2      | Found a stormy altar of Qazlal.
   490 | D:2      | Noticed a water elemental
   490 | D:2      | Noticed an earth elemental
   490 | D:2      | Noticed a fire elemental
   634 | D:2      | Reached ** piety under Trog
   654 | D:2      | Reached XP level 3. HP: 11/33 MP: 2/2
   982 | D:2      | Reached skill level 5 in Maces & Flails
  1011 | D:2      | Found a glowing golden altar of the Shining One.
  1013 | D:2      | Noticed an angel
  1162 | D:2      | HP: 2/49 [acid (2)]
  1162 | D:2      | Splashed by a jelly's acid

Levels and vault maps discovered:
D:1:      minmay_arrival_diagonal_passages, layout_rooms, minmay_misc_feat_doors
D:2:      minmay_chambers_of_twos, layout_loops_ring,
          grunt_temple_overflow_holy_war, nicolae_qazlal_style_of_elements

Skill      XL: |  1  2  3 |
---------------+----------+-----
Maces & Flails | 4 5 |  5.4
Fighting       | |  3.9
Armour         | |  2.5
Dodging        | |  2.3
Stealth        | |  0.1

Action                   || total
-------------------------++-------
Melee: Mace              ||    63
       Headbutt          ||     8
Invok: Berserk           ||     1
  Eat: Chunk             ||     1
Armor: Animal skin       ||    10
Dodge: Dodged            ||    43

Table legend:
 A = Non-vault XP
 B = Vault XP
 C = Vault XP percentage of total XP
 D = Non-vault monster count
 E = Vault monster count
 F = Vault count percentage of total count
                 A         B        C        D         E       F
            +---------+---------+-------+---------+---------+-------
      Total |      66 |      19 |  22.4 |      26 |       8 |  23.5
            +---------+---------+-------+---------+---------+-------
        D:1 |      21 |       0 |   0.0 |      15 |       0 |   0.0
        D:2 |      45 |      19 |  29.7 |      11 |       8 |  42.1
            +---------+---------+-------+---------+---------+-------
